 Dungeon Crawl Stone Soup version 0.31-a0-1308-ga3cce3a (webtiles) character file.

Game seed: 11836051155770611908

11561 PublicAnimeNo1 the Carver (level 11, -8/105 HPs)
             Began as a Minotaur Fighter on Dec 19, 2023.
             Was a Priest of Okawaru.
             Engulfed by a blizzard demon's freezing vapour (13 damage)
             ... in a Gauntlet.
             The game lasted 00:21:30 (11134 turns).

PublicAnimeNo1 the Carver (Minotaur Fighter)       Turns: 11134, Time: 00:21:31

Health: -8/105     AC: 20    Str: 29    XL:     11   Next: 50%
Magic:  8/10       EV: 14    Int:  5    God:    Okawaru [***...]
Gold:   613        SH:  0    Dex: 19    Spells: 10/10 levels left

rFire   . . .        z - +4 great sword (freeze)
rCold   . . .        (shield currently unavailable)
rNeg    . . .        w - +0 plate armour
rPois   +            (helmet restricted)
rElec   .            p - +0 cloak
rCorr   .            (no gloves)
SInv    +            t - +0 pair of boots
Will    .....        (no amulet) Stlth
                     k - ring of see invisible
HPRegen 0.37/turn    n - ring "Elapseo" {rPois Str+7 Dex+6}
MPRegen 0.12/turn

%: no teleportation
@: heroic, studying 2 skills
A: horns 2, retaliatory headbutt
a: Renounce Religion, Heroism


You were in a Gauntlet.
You worshipped Okawaru.
Okawaru was most pleased with you.
You visited 2 branches of the dungeon, and saw 12 of its levels.
You also visited: Gauntlet.

You collected 613 gold pieces.

Inventory:

Hand Weapons
 a - a +1 long sword of flaming
 y - the +8 trident of Exquisite Death {vamp, rF+ rC+ rN+ MP-9}
   (You found it on level 10 of the Dungeon)

   rF+:       It protects you from fire.
   rC+:       It protects you from cold.
   rN+:       It protects you from negative energy.
   MP-9:      It affects your magic capacity (-9).
 z - a +4 great sword of freezing (weapon)
Armour
 p - a +0 cloak (worn)
 t - a +0 pair of boots (worn)
 w - a +0 plate armour (worn)
 D - a +0 kite shield
Jewellery
 b - a ring of protection from cold
 h - a ring of flight
 k - a ring of see invisible (left hand)
 n - the ring "Elapseo" (right hand) {rPois Str+7 Dex+6}
   (You found it in a Gauntlet)

   [ring of dexterity]

   Str+7:     It affects your strength (+7).
   Dex+6:     It affects your dexterity (+6).
   rPois:     It protects you from poison
 r - a ring of positive energy
Wands
 q - a wand of iceblast (2)
 A - a wand of flame (9)
Scrolls
 f - 3 scrolls of enchant weapon
 j - a scroll of blinking
 l - a scroll of revelation
 o - 2 scrolls of teleportation
 s - 2 scrolls of fog
 u - a scroll of fear
 v - a scroll of amnesia
Potions
 c - a potion of magic
 d - a potion of might
 e - 2 potions of mutation
 g - a potion of curing
 i - 2 potions of enlightenment
 m - 4 potions of cancellation
 x - a potion of resistance {unknown}
 B - 3 potions of haste
 C - a potion of heal wounds


   Skills:
 + Level 12.4(17.4) Fighting
 * Level 14.2(19.2) Long Blades
 + Level 10.7(15.7) Armour
 + Level 4.8(9.8) Dodging
 - Level 8.3(13.3) Shields


You had 10 spell levels left.
You didn't know any spells.
Your spell library contained the following spells:

 Spells                   Type           Power      Damage    Failure   Level
 Sandblast                Erth           0%         2d4       96%         1
 Blink                    Tloc           0%         N/A       99%         2
 Ensorcelled Hibernation  Hex/Ice        0%         N/A       99%         2
 Jinxbite                 Hex            0%         N/A       99%         2
 Lesser Beckoning         Tloc           0%         N/A       99%         2
 Momentum Strike          Conj/Tloc      0%         3d8       99%         2
 Passwall                 Tmut/Erth      0%         N/A       99%         2
 Poisonous Vapours        Pois/Air       0%         N/A       99%         2
 Gell's Gravitas          Tloc           0%         N/A       100%        3
 Mephitic Cloud           Conj/Pois/Air  0%         N/A       100%        3
 Stone Arrow              Conj/Erth      0%         3d7       100%        3
 Teleport Other           Tloc           0%         N/A       100%        3
 Anguish                  Hex/Necr       0%         N/A       100%        4
 Brom's Barrelling Bould  Conj/Erth      0%         2d3       100%        4
 Freezing Cloud           Conj/Ice/Air   0%         6-21      100%        5
 Dispersal                Tloc           0%         N/A       100%        6
 Orb of Destruction       Conj           0%         9d5       100%        7
 Summon Guardian Golem    Hex/Summ       Unusable   N/A       N/A         3
 Spellforged Servitor     Conj/Summ      Unusable   N/A       N/A         7

Dungeon Overview and Level Annotations

Branches:
Dungeon (11/15)            Temple (1/1) D:5            Lair (0/5) D:10
Gauntlet (1/1)
    Orc: D:9-12

Altars:
Ashenzari
Cheibriados
Dithmenos
Elyvilon
Fedhas
Gozag
Hepliaklqana
Kikubaaqudgha
Makhleb
Nemelex Xobeh
Okawaru
Qazlal
Ru
Sif Muna
Trog
Uskayaw
Vehumet
Wu Jian
Xom
Yredelemnul
Zin
The Shining One
Ignis
Jiyva

Annotations:
D:4 2 transporters
D:9 2 transporters, wqsa789's ghost, journeyman GnHu Gauntlet 5 transporters


Innate Abilities, Weirdness & Mutations

You have a pair of horns on your head.
You reflexively headbutt those who attack you in melee.


Message History

The white imp shouts, "Repent, thou plume-plucked full-gorged whey-face!"
The white imp grins evilly.
HP restored.
There is a transporter here.
You enter the transporter and appear at another place.
There is a transporter here.
You enter the transporter and appear at another place.
You gain the combat prowess of a mighty hero.
You slash the blizzard demon!
The blizzard demon is moderately wounded.
The blizzard demon gestures at you. The freezing blast engulfs you!
You barely miss the blizzard demon.
The blizzard demon is moderately wounded.
You are engulfed in freezing vapours.
The blizzard demon is engulfed in freezing vapours.
The blizzard demon misses you. The blizzard demon hits you.
You barely miss the blizzard demon. You headbutt the blizzard demon.
The blizzard demon is moderately wounded.
You are engulfed in freezing vapours.
You closely miss the blizzard demon.
Your headbutt misses the blizzard demon.
The blizzard demon is moderately wounded.
You are engulfed in freezing vapours.
The blizzard demon is engulfed in freezing vapours.
The blizzard demon closely misses you. You furiously retaliate!
You headbutt the blizzard demon! The blizzard demon hits you!
You slash the blizzard demon!
The blizzard demon is heavily wounded.
You are engulfed in freezing vapours.
The blizzard demon is engulfed in freezing vapours.
The blizzard demon gestures at you. The bolt of cold hits you!!
* * * LOW HITPOINT WARNING * * *
Okay, then.
Okay, then.
You slice the blizzard demon!!
The blizzard demon is almost dead.
You are engulfed in freezing vapours.
You die...

#≈≈.#########.≈≈#
##≈....#©..8#.≈##
##..8.#...©#.##
##≈....#©..8#.≈##
#≈≈.#########.≈≈#
##≈.#.......#.≈##
##.#.####5.#.##
##≈.#.☼○°2#.#.≈##
#≈≈.####@○#.#.≈≈#
##≈.#.!○#°#.#.≈##
##.##.○#○#.#.##
##≈.#©#.#...#.≈##
#≈≈.#########.≈≈#
##≈...........≈##
##...........##
#≈...........≈#
#≈≈≈#≈≈≈#≈≈≈#≈≈≈#


You could see a blizzard demon and a white imp.

Vanquished Creatures
  A quicksilver ooze (Gauntlet)
  2 two-headed ogres
  A boulder beetle (D:7)
  A glowing orange brain (Gauntlet)
  An ugly thing (Gauntlet)
  A worldbinder (Gauntlet)
  An elephant (D:10)
  An unseen horror (D:10)
  2 trolls
  3 hornets (Gauntlet)
  A slime creature (D:10)
  10 yaks
  16 fire elementals
  Menkaure (D:5)
  A vampire mosquito (D:5)
  3 steam dragons
  An acid dragon (D:10)
  2 water moccasins (D:6)
  3 black bears
  2 sky beasts
  4 orc warriors
  2 ice beasts
  2 centaurs
  3 boggarts (Gauntlet)
  2 kobold brigands
  2 bullfrogs
  2 gnoll sergeants
  3 scorpions
  8 wights
  2 howler monkeys
  6 hounds
  3 orc priests
  3 gnoll boudas
  4 jellies
  2 sleepcaps
  An iguana (D:6)
  8 orc wizards
  24 gnolls
  10 adders
  4 shadow imps
  A white imp (D:7)
  5 ufetubi (D:7)
  2 worms
  3 dart slugs
  20 orcs
  2 bats (D:1)
  4 endoplasms
  3 giant cockroaches
  9 goblins
  4 hobgoblins
  4 jackals
  2 quokkas (D:2)
  4 ball pythons
  7 frilled lizards
  15 kobolds
  6 rats
240 creatures vanquished.

Vanquished Creatures (others)
  54 foxfires
54 creatures vanquished.

Grand Total: 294 creatures vanquished

Notes
Turn   | Place    | Note
-------+----------+-------------------------------------------
     0 | D:1      | PublicAnimeNo1 the Minotaur Fighter began the quest for the
                  | Orb.
     0 | D:1      | Reached XP level 1. HP: 19/19 MP: 0/0
   172 | D:1      | Found a faded altar of an unknown god.
   183 | D:1      | Prayed at the altar of an unknown god.
   183 | D:1      | Became a worshipper of Ignis, the Dying Flame
   212 | D:1      | Reached XP level 2. HP: 26/27 MP: 1/1
   337 | D:1      | Reached skill level 3 in Long Blades
  1096 | D:2      | Reached XP level 3. HP: 32/33 MP: 2/2
  1892 | D:3      | Reached XP level 4. HP: 39/40 MP: 3/3
  2118 | D:3      | Reached skill level 4 in Long Blades
  2195 | D:3      | Found a glowing silver altar of Zin.
  2262 | D:3      | Found a hazy altar of Hepliaklqana.
  2371 | D:4      | Identified a scroll of acquirement
  2495 | D:4      | Reached XP level 5. HP: 43/47 MP: 4/4
  2515 | D:4      | Found a snail-covered altar of Cheibriados.
  2546 | D:4      | Found a stormy altar of Qazlal.
  2550 | D:4      | Found an ancient bone altar of Kikubaaqudgha.
  2550 | D:4      | Found a burning altar of Makhleb.
  2661 | D:4      | Found a transporter.
  2742 | D:4      | Noticed a kobold demonologist
  3001 | D:4      | Reached skill level 5 in Long Blades
  3083 | D:4      | Found a transporter.
  3413 | D:5      | Entered Level 5 of the Dungeon
  3426 | D:5      | Reached XP level 6. HP: 43/55 MP: 5/5
  3446 | D:5      | Reached skill level 5 in Fighting
  3446 | D:5      | Reached skill level 5 in Armour
  3446 | D:5      | Reached skill level 5 in Shields
  3501 | D:5      | Found a staircase to the Ecumenical Temple.
  3502 | D:5      | Noticed Menkaure
  3507 | D:5      | Killed Menkaure
  3815 | D:5      | Found a radiant altar of Vehumet.
  3836 | D:5      | Reached skill level 6 in Long Blades
  3892 | D:5      | Reached XP level 7. HP: 61/61 MP: 6/6
  4425 | D:5      | Noticed a vampire mosquito
  4450 | D:5      | Reached skill level 7 in Long Blades
  4456 | D:5      | Killed a vampire mosquito
  4457 | D:5      | Reached XP level 8. HP: 54/70 MP: 7/7
  4563 | D:5      | Found a bloodstained altar of Trog.
  4603 | D:5      | Found a shadowy altar of Dithmenos.
  5099 | D:6      | Reached skill level 8 in Long Blades
  5680 | D:7      | Noticed a boulder beetle
  5840 | D:7      | Killed a boulder beetle
  5841 | D:7      | Reached skill level 9 in Long Blades
  5841 | D:7      | Reached XP level 9. HP: 35/79 MP: 8/8
  6005 | D:7      | Found a broken altar of Ashenzari.
  6047 | D:7      | Reached skill level 10 in Long Blades
  6216 | D:7      | Acquired a ring of see invisible
  6351 | D:7      | Reached skill level 11 in Long Blades
  6882 | D:8      | Reached XP level 10. HP: 68/90 MP: 9/9
  7156 | D:8      | Found a blossoming altar of Fedhas.
  7224 | D:8      | Noticed a two-headed ogre
  7233 | D:8      | Killed a two-headed ogre
  7334 | Temple   | Entered the Ecumenical Temple
  7343 | Temple   | Fell from the grace of Ignis
  7343 | Temple   | Became a worshipper of Warmaster Okawaru
  7495 | D:8      | Reached skill level 12 in Long Blades
  8188 | D:8      | Reached skill level 10 in Fighting
  8722 | D:9      | Reached skill level 1 in Dodging
  8732 | D:9      | Reached * piety under Okawaru
  8904 | D:9      | Noticed a two-headed ogre
  8905 | D:9      | Noticed a moth of wrath
  8906 | D:9      | Noticed wqsa789's ghost (journeyman GnHu)
  8909 | D:9      | Found a bloodstained altar of Trog.
  8909 | D:9      | Noticed a tengu warrior
  8911 | D:9      | Found a transporter.
  8916 | D:9      | Found a transporter.
  9140 | D:9      | Found a sacrificial altar of Ru.
  9186 | D:9      | Noticed a lindwurm
  9186 | D:9      | Noticed a lindwurm
  9224 | D:10     | Entered Level 10 of the Dungeon
  9240 | D:10     | Found a staircase to the Lair.
  9240 | D:10     | Noticed an elephant
  9255 | D:10     | Killed an elephant
  9256 | D:10     | Reached skill level 13 in Long Blades
  9261 | D:10     | Reached skill level 10 in Armour
  9337 | D:10     | Reached ** piety under Okawaru
  9522 | D:10     | Reached XP level 11. HP: 100/102 MP: 10/10
  9561 | D:10     | Identified the +8 trident of Exquisite Death {vamp, rF+ rC+
                  | rN+ MP-9}
  9648 | D:10     | Found a viscous altar of Jiyva.
 10033 | D:11     | Noticed a two-headed ogre
 10033 | D:11     | Found a gate leading to a gauntlet.
 10036 | D:11     | Killed a two-headed ogre
 10046 | Gauntlet | Entered a Gauntlet
 10046 | Gauntlet | Found a transporter.
 10069 | Gauntlet | Found a transporter.
 10072 | Gauntlet | Found a transporter.
 10073 | Gauntlet | Found a transporter.
 10084 | Gauntlet | Found a transporter.
 10084 | Gauntlet | Found a transporter.
 10085 | Gauntlet | Found a transporter.
 10090 | Gauntlet | Noticed a glowing orange brain
 10093 | Gauntlet | Found a transporter.
 10093 | Gauntlet | Noticed a white ugly thing
 10096 | Gauntlet | Found a transporter.
 10097 | Gauntlet | Found a transporter.
 10103 | Gauntlet | Noticed a quicksilver ooze
 10109 | Gauntlet | Found a transporter.
 10110 | Gauntlet | Found a transporter.
 10110 | Gauntlet | Found a transporter.
 10112 | Gauntlet | Noticed a blizzard demon
 10127 | Gauntlet | Found a transporter.
 10143 | Gauntlet | Found a runed translucent door.
 10202 | Gauntlet | Noticed a cyan very ugly thing
 10207 | Gauntlet | Noticed an ironbound thunderhulk
 10209 | Gauntlet | Noticed an ironbound thunderhulk
 10209 | Gauntlet | Noticed a green very ugly thing
 10214 | Gauntlet | Noticed a green very ugly thing
 10214 | Gauntlet | Noticed a purple very ugly thing
 10214 | Gauntlet | HP: 4/103 [worldbinder (2)]
 10432 | Gauntlet | Was forgiven by Ignis
 10693 | Gauntlet | Paralysed by a hornet for 1 turns
 10755 | Gauntlet | Killed a white ugly thing
 10759 | Gauntlet | Killed a glowing orange brain
 10759 | Gauntlet | Reached *** piety under Okawaru
 10760 | Gauntlet | Reached skill level 14 in Long Blades
 10941 | Gauntlet | Identified the ring "Elapseo" {rPois Str+7 Dex+6}
 10961 | Gauntlet | Killed a quicksilver ooze
 11133 | Gauntlet | HP: 5/105 [blizzard demon/bolt of cold (33)]
 11134 | Gauntlet | Engulfed by a blizzard demon's freezing vapour

Illustrated notes

Levels and vault maps discovered:
D:1:      dpeg_arrival_water_fire, layout_basic,
          shapermc_ecumenical_altar_pompeii, minmay_split_cup_small
D:2:      layout_loops_ring
D:3:      layout_basic, zin_statuary, lemuel_tele_altar
D:4:      gammafunk_wand_slinger, layout_basic, grunt_temple_overflow_open
D:5:      minmay_chambers_of_fours, layout_rooms,
          mainiacjoe_overflow_tiny_flanked, jmf_multi_god_temple,
          temple_fountains, chequers_decorated_corner, uniq_menkaure
D:6:      layout_gridville
D:7:      layout_rooms, ashenzari_altar_1, serial_demonic, serial_demonic_g,
          serial_demonic_b, serial_demonic_c, serial_demonic_f,
          dreamdust_gnoll_farm
D:8:      layout_loops_ring, kennysheep_little_box, hangedman_decor_growths
D:9:      layout_basic, nicolae_ru_awakened_eye,
          gammafunk_ghost_wrathful_warriors, minmay_lindwurm_lava
D:10:     layout_irregular_city, david_lair_generic, jiyva_altar_1
D:11:     layout_small_grid, kennysheep_orc_monster_closet_entryway,
          gauntlet_entry_generic
Temple:   nicolae_temple_two_arcs
Gauntlet: gammafunk_gauntlet_77_escape_option
          [minmay_gauntlet_arena_77_terracotta_army,
          minmay_gauntlet_arena_77_box, minmay_gauntlet_arena_77_mirror,
          minmay_gauntlet_arena_77_path,
          minmay_gauntlet_arena_77_radiant_squares,
          dreamdust_gauntlet_exit_labyrinth]

Skill      XL: |  1  2  3  4  5  6  7  8  9 10 11 |
---------------+----------------------------------+-----
Long Blades    | 3 4 5 6 7 9 11 13 14 | 14.2
Armour         | 4 5 6 7 8 10 | 10.7
Fighting       | 4 5 6 7 8 11 12 | 12.4
Shields        | 4 5 6 7 8 |  8.3
Dodging        | 3 4 |  4.8

Action                     |  1- 3 |  4- 6 |  7- 9 | 10-12 || total
---------------------------+-------+-------+-------+-------++-------
  Melee: Long sword        |    93 |    83 |   280 |     8 ||   464
         Headbutt          |    17 |    14 |    58 |    38 ||   127
         Great sword       |       |       |       |   191 ||   191
 Invoke: Fiery Armour      |       |       |     8 |       ||     8
         Foxfire Swarm     |       |       |     3 |       ||     3
         Rising Flame      |       |       |     1 |       ||     1
         Heroism           |       |       |       |     5 ||     5
  Evoke: Wand              |       |     2 |     3 |     5 ||    10
    Use: Scroll            |     6 |     5 |     5 |     7 ||    23
         Potion            |       |       |     5 |     3 ||     8
 Armour: Scale mail        |    50 |    58 |    85 |       ||   193
         Plate armour      |       |       |   175 |   248 ||   423
         Skin              |       |       |       |    37 ||    37
  Dodge: Dodged            |    40 |    32 |    95 |    92 ||   259
  Block: Buckler           |    12 |    15 |    66 |     2 ||    95

Table legend: (Time is in decaauts)
 A = Elapsed time spent in this place.
 B = Non-inter-level travel time spent in this place.
 C = Inter-level travel time spent in this place.
 D = Time resting spent in this place.
 E = Time spent auto-exploring this place.
 F = Levels seen in this place.
 G = Mean time per level.
                   A        B        C        D        E       F      G
               +--------+--------+--------+--------+--------+-----+--------+
         Total |  11193 |  10608 |    585 |   2481 |   6435 |  13 |  861.0 |
       Dungeon |  10084 |   9509 |    575 |   1685 |   6303 |  11 |  916.7 |
        Temple |     18 |      9 |      9 |      0 |      0 |   1 |   18.0 |
      Gauntlet |   1091 |   1091 |      0 |    796 |    132 |   1 | 1091.0 |
               +--------+--------+--------+--------+--------+-----+--------+

Top non-repeatable levels by time:
     D:8: 1582 daAuts
     D:4: 1296 daAuts
     D:7: 1234 daAuts
     D:5: 1133 daAuts
Gauntlet: 1091 daAuts
     D:1: 1055 daAuts
     D:6: 1051 daAuts
    D:10: 808 daAuts
     D:2: 703 daAuts
     D:3: 648 daAuts
     D:9: 558 daAuts
  Temple: 18 daAuts
    D:11: 12 daAuts
